 Dungeon Crawl Stone Soup version 0.29-a0-362-g5854e031c7 (webtiles) character file.

Game seed: 6668839556780890904

53 siradein the Digger (level 3, 27/31 HPs)
             Began as a Troll Earth Elementalist on Apr 29, 2022.
             Quit the game on level 2 of the Dungeon.
             The game lasted 00:03:23 (913 turns).

siradein the Digger (Troll Earth Elementalist)       Turns: 913, Time: 00:03:24

Health: 27/31      AC:  4    Str: 16    XL:     3   Next: 62%
Magic:  4/5        EV:  9    Int: 13    God:
Gold:   87         SH:  0    Dex: 10    Spells: 5/6 levels left

rFire   . . .      SeeInvis .   (no weapon)
rCold   . . .      Faith    .   (no shield)
rNeg    . . .      Spirit   .   b - +0 robe
rPois   .          Reflect  .   (helmet restricted)
rElec   .          Harm     .   (no cloak)
rCorr   .          Rampage  .   (gloves unavailable)
Will    .....                   (boots unavailable)
Stlth   +.........              (no amulet)
HPRegen 0.90/turn               (no ring)
MPRegen 0.09/turn               (no ring)

@: no status effects
A: large, unfitting armour, claws 3, regeneration 1, shaggy fur 1, tough skin 1
a: no special abilities


You were on level 2 of the Dungeon.
You visited 1 branch of the dungeon, and saw 2 of its levels.

You collected 87 gold pieces.

Inventory:

Missiles
 a - 32 stones
Armour
 b - a +0 robe (worn)
Scrolls
 e - a scroll of fear {unknown}
 k - a scroll of torment {unknown}
 l - a scroll of vulnerability {unknown}
Potions
 c - a potion of magic
 d - a potion of cancellation {unknown}
 f - a potion of curing {unknown}
 g - 2 potions of haste {unknown}
 h - a potion of invisibility {unknown}
 i - a potion of mutation {unknown}
 j - a potion of flight {unknown}


   Skills:
 - Level 1.5 Dodging
 - Level 1.0 Stealth
 + Level 2.0 Spellcasting
 - Level 0.6 Transmutations
 + Level 3.5 Earth Magic


You had 5 spell levels left.
You knew the following spells:

 Your Spells              Type           Power      Damage    Failure   Level
a - Sandblast             Erth           20%        2d7       6%          1

Your spell library contained the following spells:

 Spells                   Type           Power      Damage    Failure   Level
 Passwall                 Tmut/Erth      5%         N/A       17%         2
 Stone Arrow              Conj/Erth      10%        3d7       36%         3
 Inner Flame              Hex/Fire       1%         N/A       58%         3
 Petrify                  Tmut/Erth      6%         N/A       73%         4
 Cause Fear               Hex            0%         N/A       94%         4
 Discord                  Hex            0%         N/A       100%        8


Dungeon Overview and Level Annotations

Branches:
Dungeon (2/15)

Altars:


Innate Abilities, Weirdness & Mutations

You are too large for most types of armour.
You have claws for hands.
Your natural rate of healing is unusually fast.
You are covered in fur. (AC +1)
You have tough skin. (AC +1)


Message History

l - a scroll labelled EROCISS TYXELY
Found a stone staircase leading down.
You see here 3 datura-tipped darts.
You now have 79 gold pieces (gained 4).
A giant cockroach comes into view.
You scratch the giant cockroach but do no damage.
The giant cockroach bites you but does no damage.
The giant cockroach closely misses you.
You scratch the giant cockroach.
The giant cockroach is moderately wounded.
The giant cockroach bites you.
You barely miss the giant cockroach.
The giant cockroach is moderately wounded.
The giant cockroach closely misses you.
You scratch the giant cockroach.
You kill the giant cockroach!
No target in view!
No target in view!
You now have 87 gold pieces (gained 8).
A gnoll comes into view. It is wielding a +0 whip.
A gnoll is nearby!
Found a scroll labelled XAMUTO SEOFEIN.
The gnoll shouts!
A gnoll comes into view. It is wielding a +0 whip.
The gnoll attacks as you move away! The gnoll closely misses you.
Found 9 gold pieces.
You scratch the gnoll.
The gnoll is heavily wounded.
The gnoll completely misses you.
You barely miss the gnoll.
The gnoll is heavily wounded.
The gnoll hits you but does no damage.
You scratch the gnoll but do no damage.
The gnoll is heavily wounded.
The gnoll hits you with a +0 whip.
You claw the gnoll!
You kill the gnoll!
Your Spellcasting skill increases to level 2!
No target in view!
Are you sure you want to abandon this character and quit the game? (Confirm with "yes".)

#.................#
#..................
..............##
#####.............##
........# #.......##
......$ .........
....# ##.......
#...# #.......
#@###.# ###...##
#)....# #...(.
#.###.# ###.#..#
#...# #.......
###.### ###.......
#.†.# #.........
##..###.........
#..............
#.##.#.........


There were no monsters in sight!

Vanquished Creatures
  An adder (D:2)
  A gnoll (D:2)
  8 endoplasms
  4 giant cockroaches
  5 hobgoblins
  A kobold (D:2)
  3 quokkas
  2 ball pythons (D:1)
  A bat (D:1)
  2 frilled lizards (D:1)
28 creatures vanquished.

Notes
Turn   | Place    | Note
-------+----------+-------------------------------------------
     0 | D:1      | siradein the Troll Earth Elementalist began the quest for
                  | the Orb.
     0 | D:1      | Reached XP level 1. HP: 16/16 MP: 1/1
   196 | D:1      | Reached skill level 3 in Earth Magic
   278 | D:1      | Reached XP level 2. HP: 24/24 MP: 1/3
   775 | D:2      | Reached XP level 3. HP: 5/31 MP: 2/4
   913 | D:2      | Quit the game

Illustrated notes

Levels and vault maps discovered:
D:1:      minmay_arrival_widening_spiral_wide, layout_loops_ring,
          dreamdust_wishing_well
D:2:      layout_rooms, basic_ecumenical_altar, basic_altar, serial_shops,
          nicolae_shop_hallway_stairs, minmay_quantized

Skill      XL: |  1  2  3 |
---------------+----------+-----
Earth Magic    | 3 |  3.5
Spellcasting   | 2 |  2.0
Dodging        | |  1.5
Stealth        | |  1.0
Transmutations | |  0.6

Action                   || total
-------------------------++-------
Melee: Unarmed           ||    93
 Cast: Sandblast         ||     2
 Stab: Distracted        ||     1
       Sleeping          ||     1
Armor: Robe              ||    27
Dodge: Dodged            ||    36

Table legend: (Time is in decaauts)
 A = Elapsed time spent in this place.
 B = Non-inter-level travel time spent in this place.
 C = Inter-level travel time spent in this place.
 D = Time resting spent in this place.
 E = Time spent auto-exploring this place.
 F = Levels seen in this place.
 G = Mean time per level.
                   A        B        C        D        E       F      G
               +--------+--------+--------+--------+--------+-----+--------+
         Total |    912 |    888 |     24 |      4 |    680 |   2 |  456.0 |
       Dungeon |    912 |    888 |     24 |      4 |    680 |   2 |  456.0 |
               +--------+--------+--------+--------+--------+-----+--------+

Top non-repeatable levels by time:
     D:1: 739 daAuts
     D:2: 173 daAuts
